 Dungeon Crawl Stone Soup version 0.30.0-5-g1a98f26d00 (webtiles) character file.

Game seed: 9714522898618077964

93 JawaBawa the Magician (level 4, -4/31 HPs)
             Began as a Djinni Fire Elementalist on May 9, 2023.
             Slain by Terence
             ... wielding a +1 flail of protection
              (11 damage)
             ... on level 3 of the Dungeon.
             The game lasted 00:09:38 (1905 turns).

JawaBawa the Magician (Djinni Fire Elementalist)    Turns: 1905, Time: 00:09:44

Health: -4/31      AC:  4    Str:  7    XL:     4   Next: 92%
Gold:   110        EV: 12    Int: 19    God:
                   SH:  0    Dex: 13

rFire   + + .        m - +0 short sword
rCold   x . .        (no shield)
rNeg    . . .        a - +0 robe
rPois   ∞            o - +0 helmet
rElec   .            e - +0 cloak
rCorr   .            (no gloves)
SInv    .            (boots unavailable)
Will    .....        (no amulet)
Stlth   ++           (no ring)
HPRegen 0.25/turn    (no ring)
MPRegen 0.00/turn

%: infuse magic (-5 HP)
@: flying
A: sickness immunity, fire resistance 2, cold vulnerability 1, float, innate
caster, HP casting, extra vitality 1
a: no special abilities


You were on level 3 of the Dungeon.
You visited 1 branch of the dungeon, and saw 3 of its levels.

You collected 110 gold pieces.

Inventory:

Hand Weapons
 m - a +0 short sword (weapon)
Armour
 a - a +0 robe (worn)
 e - a +0 cloak (worn)
 o - a +0 helmet (worn)
Scrolls
 c - 5 scrolls of teleportation {unknown}
 d - a scroll of identify {unknown}
 f - a scroll of immolation {unknown}
 j - a scroll of enchant weapon {unknown}
 k - a scroll of acquirement {unknown}
 l - a scroll of noise {unknown}
Potions
 b - a potion of heal wounds {unknown}
 g - a potion of ambrosia {unknown}
 h - a potion of brilliance {unknown}
 i - a potion of curing {unknown}
 n - a potion of cancellation {unknown}


   Skills:
 + Level 0.2 Fighting
 + Level 2.7 Dodging
 + Level 1.9 Stealth
 + Level 3.7 Spellcasting


You knew the following spells:

 Your Spells              Type           Power      Damage    Failure   Level
a - Foxfire               Conj/Fire      68%        2x1d7     3%          1
b - Scorch                Fire           34%        2d6       4%          2
c - Volatile Blastmotes   Fire/Tloc      34%        2d12      9%          3
d - Inner Flame           Hex/Fire       17%        N/A       9%          3
e - Flame Wave            Conj/Fire      17%        2d7       30%         4
f - Shock                 Conj/Air       68%        1d7       3%          1
Your spell library was empty.

Dungeon Overview and Level Annotations

Branches:
Dungeon (3/15)

Altars:

Annotations:
D:3 Terence


Innate Abilities, Weirdness & Mutations

You are immune to sickness and miasma.
You are immune to poison.
Your flesh is very heat resistant. (rF++)
You are vulnerable to cold. (rC-)
You float through the air rather than walking.
You learn spells naturally, not from books.
Your magical power is your life essence.
You have superior vitality. (+4 MHP)


Message History

Casting: Shock (safe; 3% risk of failure)
Confirm with . or Enter, or press ? or * to list all spells.
You conjure some foxfire!
Terence drinks a potion.
Terence goes berserk!
Casting: Foxfire (safe; 3% risk of failure)
Confirm with . or Enter, or press ? or * to list all spells.
You conjure some foxfire!
The foxfire hits the ball python.
You kill the ball python!
Casting: Foxfire (safe; 3% risk of failure)
Confirm with . or Enter, or press ? or * to list all spells.
You conjure some foxfire!
The foxfire hits Terence.
Terence is moderately wounded.
The foxfire hits Terence but does no damage.
Terence is moderately wounded.
Terence rages.
The foxfire hits Terence but does no damage.
Terence is moderately wounded.
Terence barely misses you.
You hear an angry hiss.
Casting: Foxfire (safe; 3% risk of failure)
Confirm with . or Enter, or press ? or * to list all spells.
You conjure some foxfire!
The foxfire hits Terence.
Terence is moderately wounded.
A ball python comes into view.
Terence barely misses you.
Casting: Foxfire (safe; 3% risk of failure)
Confirm with . or Enter, or press ? or * to list all spells.
You conjure some foxfire!
The foxfire hits Terence.
Terence is heavily wounded.
The foxfire hits Terence but does no damage.
Terence is heavily wounded.
Terence hits you with a +1 flail of protection! x2
* * * LOW HITPOINT WARNING * * *
Casting: Foxfire (safe; 3% risk of failure)
Confirm with . or Enter, or press ? or * to list all spells.
You conjure some foxfire!
* * * LOW HITPOINT WARNING * * *
The foxfire hits Terence but does no damage.
Terence is heavily wounded.
Terence hits you with a +1 flail of protection!
You die...

#.#.# #.# #.#.# #.# #..
.## #.#.# #.# #.. .. .
#.#.# #.# #.#.. .#
#.#.######.#####.#. .(
.................. ..
..#.######.#####.# .#
....######....##.#..#
.........).....v@@..#
.##...####....##v#..#
†...................S..
.##.############.####..#
.##.# #.# .# ###.# #.# .
###†######## #.#
............ ...
###.########


You could see Terence (berserk, ally target) and a ball python.

Vanquished Creatures
  Natasha (twice) (D:2)
  An adder (D:2)
  An orc (D:3)
  5 ball pythons
  An endoplasm (D:2)
  2 giant cockroaches (D:2)
  3 goblins
  2 hobgoblins (D:1)
  6 kobolds
  2 quokkas
  2 bats (D:1)
  3 frilled lizards (D:1)
  4 rats
34 creatures vanquished.

Vanquished Creatures (others)
  111 foxfires
111 creatures vanquished.

Grand Total: 145 creatures vanquished

Notes
Turn   | Place    | Note
-------+----------+-------------------------------------------
     0 | D:1      | JawaBawa the Djinni Fire Elementalist began the quest for
                  | the Orb.
     0 | D:1      | JawaBawa set off with the following spells memorised:
                  | Foxfire, Scorch, Volatile Blastmotes, Inner Flame, Flame
                  | Wave.
     0 | D:1      | Reached XP level 1. HP: 15/15 MP: 0/0
   180 | D:1      | Reached XP level 2. HP: 19/21 MP: 0/0
   503 | D:1      | Found a faded altar of an unknown god.
   910 | D:2      | Reached skill level 3 in Spellcasting
   910 | D:2      | Reached XP level 3. HP: 12/25 MP: 0/0
   910 | D:2      | Learned a level 1 spell: Shock
  1135 | D:2      | Noticed Natasha
  1144 | D:2      | Killed Natasha
  1145 | D:2      | Reached XP level 4. HP: 21/31 MP: 0/0
  1571 | D:2      | Noticed Natasha
  1575 | D:2      | Killed Natasha
  1898 | D:3      | Noticed Terence
  1905 | D:3      | Slain by Terence

Illustrated notes

Levels and vault maps discovered:
D:1:      dpeg_arrival_short_road, layout_loops_ring,
          dilly_ecumenical_altar_fadedgnrine, roderic_serpentine_path,
          grunt_decor_junction
D:2:      layout_basic, minmay_misc_feat_plants, chequers_jeans, uniq_natasha
D:3:      layout_basic, st_stairs_14, uniq_terence

Skill      XL: |  1  2 |
---------------+-------+-----
Spellcasting   | 3 |  3.7
Fighting       | |  0.2
Dodging        | |  2.7
Stealth        | |  1.9

Action                     |  1- 3 |  4- 6 || total
---------------------------+-------+-------++-------
  Melee: Unarmed           |       |     4 ||     4
   Cast: Foxfire           |    45 |    19 ||    64
         Shock             |     7 |    10 ||    17
 Armour: Robe              |     2 |     3 ||     5
  Dodge: Dodged            |    12 |    11 ||    23
